 Dungeon Crawl Stone Soup version 0.22.0-75-g3901e79 (webtiles) character file.

801 Fang the Chopper (level 7, 0/44 HPs)
             Began as a Gargoyle Berserker on Sept 13, 2018.
             Was a Priest of Trog.
             Slain by a worker ant (6 damage)
             ... on level 5 of the Dungeon.
             The game lasted 00:06:03 (3882 turns).

Fang the Chopper (Gargoyle Berserker)               Turns: 3882, Time: 00:06:04

Health: 0/44       AC:  8    Str: 23    XL:     7   Next: 90%
Magic:  7/7        EV: 13    Int: 12    God:    Trog [***...]
Gold:   263        SH:  0    Dex:  9    Spells: 6/6 levels left

rFire    . . .     SeeInvis .   a - +0 hand axe
rCold    . . .     Gourm    .   (no shield)
rNeg     + . .     Faith    .   b - +0 animal skin
rPois    ∞         Spirit   .   r - +1 hat
rElec    +         Reflect  .   (no cloak)
rCorr    .         Harm     .   (no gloves)
MR       .....                  (no boots)
Stlth    ++........             n - amulet of the acrobat
HPRegen  0.14/turn              o - +5 ring of intelligence
MPRegen  0.10/turn              (no ring)

@: berserk cooldown, slowed, very slow
A: negative energy resistance 1, electricity resistance, unbreathing,
petrification resistance, rot immunity, AC +4
a: Berserk, Trog's Hand, Renounce Religion


You were on level 5 of the Dungeon.
You worshipped Trog.
Trog was most pleased with you.
You were hungry.

You visited 2 branches of the dungeon, and saw 6 of its levels.

You collected 263 gold pieces.

Inventory:

Hand Weapons
 a - a +0 hand axe (weapon)
Armour
 b - a +0 animal skin (worn)
 r - a +1 hat (worn)
Jewellery
 n - an amulet of the acrobat (around neck)
 o - a +5 ring of intelligence (left hand)
 u - an uncursed amulet of the gourmand {unknown}
Wands
 v - a wand of flame (23)
Scrolls
 e - 5 scrolls of remove curse {unknown}
 f - 3 scrolls of identify {unknown}
 k - a scroll of fear {unknown}
 m - a scroll of magic mapping {unknown}
 p - a scroll of teleportation {unknown}
 q - 2 scrolls of fog {unknown}
 s - a scroll of amnesia {unknown}
 t - 2 scrolls of random uselessness {unknown}
Potions
 d - a potion of lignification {unknown}
 g - a potion of might {unknown}
 h - 3 potions of curing {unknown}
 i - 2 potions of haste {unknown}
 j - 5 potions of degeneration {unknown}
 l - a potion of magic {unknown}
Comestibles
 c - 10 rations


   Skills:
 + Level 5.1 Fighting
 + Level 6.2 Axes
 + Level 2.3 Armour
 + Level 3.8 Dodging
 + Level 1.7 Stealth


You had 6 spell levels left.
You didn't know any spells.
Your spell library was empty.

Dungeon Overview and Level Annotations

Branches:
Dungeon (5/15)             Temple (1/1) D:4

Altars:
Cheibriados
Hepliaklqana
Uskayaw
Wu Jian

Shops:
D:4 *:


Innate Abilities, Weirdness & Mutations

You are resistant to torment.
Your stone body is resilient. (AC +4)
You are immune to poison.
You resist negative energy. (rN+)
You are resistant to electric shocks. (rElec)
You can survive without breathing.
You are immune to petrification.
You are immune to rotting.


Message History

You kill the ogre!
Trog accepts your kill.
A worker ant comes into view.
You see here a giant club.
You feel a strong urge to attack something.
A scorpion comes into view.
The worker ant twitches its antennae in your direction.
You are no longer berserk.
You are exhausted.
You feel yourself slow down. The worker ant misses you.
There is a stone staircase leading down here.
You barely miss the worker ant. The worker ant bites you.
* * * LOW HITPOINT WARNING * * *
The worker ant bites you but does no damage.
You barely miss the worker ant. The worker ant bites you.
* * * LOW HITPOINT WARNING * * *
You hit the worker ant.
The worker ant is moderately wounded.
The worker ant barely misses you. The worker ant bites you.
You die...

####.#.###.#
#....###.# #...#
#.###.#### #.# #####
#..##)######'##
#..##.........#
#...#.........#
#.#.#.........#
#.#.).######.##
♣♣##..######.#
♣≈..@#......#####
≈≈P≈≈♣P♣a...........#
≈♣P≈≈≈♣≈♣#..........#
≈P≈P♣P≈♣♣#.)........#
≈P≈P≈≈≈ ♣≈..........#
≈≈♣≈≈≈ ♣≈.....######
♣ ≈≈≈P ♣♣........
≈≈≈P ≈.........
P≈♣........


You could see a worker ant.

Vanquished Creatures
  2 ogres (D:5)
  A centaur (D:4)
  2 scorpions (D:4)
  A howler monkey (D:4)
  2 orc priests
  An iguana (D:5)
  Ijyb (D:5)
  3 orc wizards
  A worker ant (D:3)
  3 gnolls (D:2)
  7 adders
  An adder skeleton (D:4)
  2 worms (D:2)
  2 dart slugs
  4 leopard geckos
  10 orcs
  8 bats
  7 giant cockroaches
  9 goblins
  6 hobgoblins
  6 jackals
  4 quokkas
  3 ball pythons
  7 frilled lizards
  8 kobolds
  10 rats
111 creatures vanquished.

Vanquished Creatures (others)
  A plant (D:5)
1 creature vanquished.

Grand Total: 112 creatures vanquished

Notes
Turn   | Place    | Note
-------+----------+-------------------------------------------
     0 | D:1      | Fang the Gargoyle Berserker began the quest for the Orb.
     0 | D:1      | Reached XP level 1. HP: 14/14 MP: 1/1
    72 | D:1      | Reached XP level 2. HP: 13/19 MP: 2/2
   136 | D:1      | Reached skill level 3 in Axes
   214 | D:1      | Reached XP level 3. HP: 15/24 MP: 3/3
   390 | D:1      | Reached ** piety under Trog
  1055 | D:2      | Reached XP level 4. HP: 21/29 MP: 4/4
  1562 | D:2      | Reached skill level 4 in Axes
  1847 | D:3      | Reached XP level 5. HP: 31/33 MP: 5/5
  2063 | D:3      | Reached *** piety under Trog
  2377 | D:3      | Found a faded altar of an unknown god.
  2479 | D:3      | Reached XP level 6. HP: 38/38 MP: 6/6
  2601 | D:4      | Reached skill level 1 in Stealth
  2707 | D:4      | Found Voiruir's Book Shop.
  2720 | D:4      | Found Xuocun Mich's General Store.
  2735 | D:4      | Reached skill level 5 in Axes
  3031 | D:4      | Found a staircase to the Ecumenical Temple.
  3037 | D:4      | Reached XP level 7. HP: 26/44 MP: 7/7
  3166 | Temple   | Entered the Ecumenical Temple
  3498 | D:5      | Entered Level 5 of the Dungeon
  3614 | D:5      | Reached skill level 5 in Fighting
  3619 | D:5      | Noticed Ijyb
  3633 | D:5      | Killed Ijyb
  3633 | D:5      | Reached skill level 6 in Axes
  3882 | D:5      | Slain by a worker ant

Skill      XL: |  1  2  3  4  5  6  7 |
---------------+----------------------+-----
Axes           | 3 4 5 6 |  6.2
Dodging        | 2 3 |  3.8
Fighting       | 4 5 |  5.1
Stealth        | 1 |  1.7
Armour         | |  2.3

Action                   |  1- 3 |  4- 6 |  7- 9 || total
-------------------------+-------+-------+-------++-------
Melee: Hand axe          |   122 |   211 |    60 ||   393
Invok: Berserk           |       |     3 |     3 ||     6
 Stab: Sleeping          |       |     1 |       ||     1
  Eat: Chunk             |       |    10 |     2 ||    12
       Ration            |       |       |     1 ||     1
Armor: Animal skin       |    73 |    83 |    12 ||   168
Dodge: Dodged            |   111 |   170 |    46 ||   327
